Workbook

Sheet Septiembre
A1: ORGANISMOS , EMPRESAS Y FIDEICOMISOS DEL GCDMX
A2: INFORME PRESUPUESTAL DE FLUJO DE EFECTIVO
A3: (PESOS CON DECIMALES)
A5: ENTIDAD: FIDEICOMISO DE RECUPERACIÓN CREDITICIA DE LA CIUDAD DE MÉXICO (FIDERE)
E7: ACUMULADO AL MES DE: | F7: 43008
A8: CONCEPTOS | C8: ORIGINAL | D8: MODIFICADO | E8: PROGRAMADO | F8: RECAUDADO | H8: 14241130
H9: 14241130
A11: DISPONIBILIDAD INICIAL | C11: 12150331 | D11: =+C11+14241129.68-1113000 -> 25278461 | E11: 0 | G11: =+H9+C11-G19 -> 25278461
B13: INGRESOS
A15: INGRESOS PROPIOS | C15: =SUM(C17:C21) -> 61911092 | D15: =SUM(D17:D21) -> 63024092 | E15: =SUM(E17:E21) -> 46573537 | F15: =SUM(F17:F21) -> 44008856 | G15: =+D15-C15 -> 1113000 | H15: =+F15-E15 -> -2564681.1
B17: VENTA DE BIENES
B18: VENTA DE SERVICIOS | C18: 59655007 | D18: 59655007 | E18: 43785341 | F18: 39142396 | G18: =+D18-C18 -> 0 | H18: =+F18-E18 -> -4642945.2 | I18: =+F18/E18*100 -> 89.39612
B19: INGRESOS DIVERSOS | C19: 123600 | D19: =123600+1113000 -> 1236600 | E19: 1205700 | F19: 1392749 | G19: =+D19-C19 -> 1113000 | H19: =+F19-E19 -> 187049 | I19: =+F19/E19*100 -> 115.51373
B20: VENTA DE INVERSIONES | C20: 2132485 | D20: 2132485 | E20: 1582496 | F20: 3473711.1 | G20: =+D20-C20 -> 0 | H20: =+F20-E20 -> 1891215.1 | I20: =+F20/E20*100 -> 219.50836
B21: OTROS
A23: OPERACIONES AJENAS | C23: =SUM(C25:C26) -> 0 | D23: =SUM(D25:D26) -> 0 | E23: 0 | F23: =SUM(F25:F26) -> 0
B25: POR CUENTA DE TERCEROS
B26: POR EROGACIONES RECUPERABLES
A28: APORTACIONES DEL GDF | C28: =SUM(C30:C31) -> 26895056 | D28: =SUM(D30:D31) -> 26895056 | E28: =SUM(E30:E31) -> 17378224 | F28: =SUM(F30:F31) -> 17378224 | G28: =+D28-C28 -> 0 | H28: =+F28-E28 -> 0 | I28: =+F28/E28*100 -> 100
H29: =+F29-E29 -> 0
B30: CORRIENTES | C30: =C100 -> 26895056 | D30: =D100 -> 26895056 | E30: =E100 -> 17378224 | F30: =F100 -> 17378224 | G30: =+D30-C30 -> 0 | H30: =+F30-E30 -> 0 | I30: =+F30/E30*100 -> 100
B31: CAPITAL | C31: =C114 -> 0 | D31: =D114 -> 0 | E31: =E112 -> 0 | F31: =F112 -> 0
A33: TRANSFERENCIAS DEL GOB. FED. | C33: =SUM(C35:C36) -> 0 | D33: =SUM(D35:D36) -> 0 | E33: =SUM(E35:E36) -> 0 | F33: =SUM(F35:F36) -> 0
B35: CORRIENTES
B36: CAPITAL
C38: =SUM(C40:C41) -> 0 | D38: =SUM(D40:D41) -> 0 | E38: =SUM(E40:E41) -> 0 | F38: =SUM(F40:F41) -> 0
A43: TOTAL DE INGRESOS | C43: =SUM(C15+C23+C33+C28+C38) -> 88806148 | D43: =SUM(D15+D23+D33+D28+D38) -> 89919148 | E43: =SUM(E15+E23+E33+E28+E38) -> 63951761 | F43: =SUM(F15+F23+F33+F28+F38) -> 61387080 | G43: =+D43-C43 -> 1113000 | H43: =+F43-E43 -> -2564681.1 | I43: =+F43/E43*100 -> 95.989663 | J43: =+D43-F43 -> 28532068 | K43: 26679234
K44: =+J43-K43 -> 1852834.4 | L44: 1852834.4
A46: CONCEPTOS | C46: ORIGINAL | D46: MODIFICADO | E46: PROGRAMADO | F46: EJERCIDO
A48: GASTO
A50: RECURSOS PROPIOS | C50: =SUM(C52+C59+C64+C68) -> 61911092 | D50: =SUM(D52+D59+D64+D68) -> 63024092 | E50: =SUM(E52+E59+E64+E68) -> 46148047 | F50: =SUM(F52+F59+F64+F68) -> 31881833 | G50: =+D50-C50 -> 1113000 | H50: =+E50-F50 -> 14266214 | I50: =+F50/E50*100 -> 69.085985
A52: GASTO CORRIENTE | C52: =SUM(C54:C57) -> 61911092 | D52: =SUM(D54:D57) -> 61891092 | E52: =SUM(E54:E57) -> 45015047 | F52: =SUM(F54:F57) -> 31881833 | G52: =+D52-C52 -> -20000 | H52: =+E52-F52 -> 13133214 | I52: =+F52/E52*100 -> 70.824835
B54: 1000 SERVICIOS PERSONALES | C54: ='[1]Analítico Septiembre'!R10+'[1]Analítico Septiembre'!R38+'[1]Analítico Septiembre'!R103-Septiembre!C102 -> 28786461 | D54: ='[1]Analítico Septiembre'!S10+'[1]Analítico Septiembre'!S38+'[1]Analítico Septiembre'!S103-Septiembre!D102 -> 28786461 | E54: ='[1]Analítico Septiembre'!T10+'[1]Analítico Septiembre'!T38+'[1]Analítico Septiembre'!T103-Septiembre!E102 -> 20145749 | F54: ='[1]Analítico Septiembre'!V10+'[1]Analítico Septiembre'!V38+'[1]Analítico Septiembre'!V103-Septiembre!F102 -> 14752416 | G54: =+D54-C54 -> 0 | H54: =+E54-F54 -> 5393333.2 | I54: =+F54/E54*100 -> 73.228431 | J54: 24869.2 | K54: 19941.8 | L54: =+J54-K54 -> 4927.4
B55: 2000 MATERIALES Y SUMINISTROS | C55: =+'[1]Analítico Septiembre'!R16+'[1]Analítico Septiembre'!R57+'[1]Analítico Septiembre'!R123 -> 1635100 | D55: =+'[1]Analítico Septiembre'!S16+'[1]Analítico Septiembre'!S57+'[1]Analítico Septiembre'!S123 -> 1635100 | E55: =+'[1]Analítico Septiembre'!T16+'[1]Analítico Septiembre'!T57+'[1]Analítico Septiembre'!T123 -> 1468954 | F55: =+'[1]Analítico Septiembre'!V16+'[1]Analítico Septiembre'!V57+'[1]Analítico Septiembre'!V123 -> 951680.64 | G55: =+D55-C55 -> 0 | H55: =+E55-F55 -> 517273.36 | I55: =+F55/E55*100 -> 64.786279 | J55: 1461.7 | K55: 593.3 | L55: =+J55-K55 -> 868.4
B56: 3000 SERVICIOS GENERALES | C56: =+'[1]Analítico Septiembre'!R12+'[1]Analítico Septiembre'!R19+'[1]Analítico Septiembre'!S79+'[1]Analítico Septiembre'!R151 -> 31489531 | D56: ='[1]Analítico Septiembre'!S12+'[1]Analítico Septiembre'!S19+'[1]Analítico Septiembre'!S79+'[1]Analítico Septiembre'!S151-D104 -> 31469531 | E56: =+'[1]Analítico Septiembre'!T12+'[1]Analítico Septiembre'!T19+'[1]Analítico Septiembre'!T79+'[1]Analítico Septiembre'!T151-E104 -> 23400344 | F56: =+'[1]Analítico Septiembre'!V12+'[1]Analítico Septiembre'!V19+'[1]Analítico Septiembre'!V79+'[1]Analítico Septiembre'!V151-F104 -> 16177736 | G56: =+D56-C56 -> -20000 | H56: =+E56-F56 -> 7222607.6 | I56: =+F56/E56*100 -> 69.134609 | L56: =+J56-K56 -> 0
B57: 4000 TRANSFERENCIAS, ASIGNACIONES, SUBSIDIOS Y OTRAS AYUDAS | L57: =+J57-K57 -> 0
L58: =+J58-K58 -> 0
A59: GASTO DE CAPITAL | C59: =SUM(C61:C62) -> 0 | D59: =SUM(D61:D62) -> 1133000 | E59: =SUM(E61:E62) -> 1133000 | F59: =SUM(F61:F62) -> 0 | G59: =+D59-C59 -> 1133000 | H59: =+E59-F59 -> 1133000 | I59: =+F59/E59*100 -> 0 | L59: =+J59-K59 -> 0
B61: 5000 BIENES MUEBLES, INMUEBLES E INTANGIBLES | C61: 0 | D61: ='[1]Analítico Septiembre'!S158 -> 1133000 | E61: ='[1]Analítico Septiembre'!T158 -> 1133000 | F61: ='[1]Analítico Septiembre'!V158 -> 0 | G61: =+D61-C61 -> 1133000 | H61: =+E61-F61 -> 1133000 | I61: =+F61/E61*100 -> 0
B62: 6000 OBRA PÚBLICA | C62: 0 | D62: 0 | E62: 0 | F62: 0
A64: INVERSIÓN FINANCIERA | C64: =+C66 -> 0 | D64: =+D66 -> 0 | E64: =+E66 -> 0 | F64: =+F66 -> 0
B66: 7000 INVERSIÓN FINANCIERA Y OTRAS PROVISIONES 1/ | C66: 0 | D66: 0 | E66: 0 | F66: 0
A68: PAGO DE DEUDA | C68: =SUM(C70:C71) -> 0 | D68: =SUM(D70:D71) -> 0 | E68: =SUM(E70:E71) -> 0 | F68: =SUM(F70:F71) -> 0
B69: 9100 AMORTIZACIÓN | C69: 0 | D69: 0 | E69: 0 | F69: 0
B70: 9200 INTERESES | C70: 0 | D70: 0 | E70: 0 | F70: 0
B71: 9500 ADEFAS | C71: 0 | D71: 0 | E71: 0 | F71: 0
A73: CON FINANCIAMIENTO | C73: =SUM(C75+C82+C87+C91) -> #REF! | D73: =SUM(D75+D82+D87+D91) -> #REF! | E73: =SUM(E75+E82+E87+E91) -> #REF! | F73: =SUM(F75+F82+F87+F91) -> #REF!
A75: GASTO CORRIENTE | C75: =SUM(C77:C80) -> #REF! | D75: =SUM(D77:D80) -> #REF! | E75: =SUM(E77:E80) -> #REF! | F75: =SUM(F77:F80) -> #REF!
B77: 1000 SERVICIOS PERSONALES | C77: {=SUM(IF(#REF!=1,IF(#REF!=4,#REF!)))} -> #REF! | D77: {=SUM(IF(#REF!=1,IF(#REF!=4,#REF!)))} -> #REF! | E77: {=SUM(IF(#REF!=1,IF(#REF!=4,#REF!)))} -> #REF! | F77: {=SUM(IF(#REF!=1,IF(#REF!=4,#REF!)))} -> #REF!
B78: 2000 MATERIALES Y SUMINISTROS | C78: {=SUM(IF(#REF!=2,IF(#REF!=4,#REF!)))} -> #REF! | D78: {=SUM(IF(#REF!=2,IF(#REF!=4,#REF!)))} -> #REF! | E78: {=SUM(IF(#REF!=2,IF(#REF!=4,#REF!)))} -> #REF! | F78: {=SUM(IF(#REF!=2,IF(#REF!=4,#REF!)))} -> #REF!
B79: 3000 SERVICIOS GENERALES | C79: {=SUM(IF(#REF!=3,IF(#REF!=4,#REF!)))} -> #REF! | D79: {=SUM(IF(#REF!=3,IF(#REF!=4,#REF!)))} -> #REF! | E79: {=SUM(IF(#REF!=3,IF(#REF!=4,#REF!)))} -> #REF! | F79: {=SUM(IF(#REF!=3,IF(#REF!=4,#REF!)))} -> #REF!
B80: 4000 AYUDAS, SUBSIDIOS Y TRANSFERENCIAS | C80: {=SUM(IF(#REF!=4,IF(#REF!=4,#REF!)))} -> #REF! | D80: {=SUM(IF(#REF!=4,IF(#REF!=4,#REF!)))} -> #REF! | E80: {=SUM(IF(#REF!=4,IF(#REF!=4,#REF!)))} -> #REF! | F80: {=SUM(IF(#REF!=4,IF(#REF!=4,#REF!)))} -> #REF!
A82: GASTO DE CAPITAL | C82: =SUM(C84:C85) -> #REF! | D82: =SUM(D84:D85) -> #REF! | E82: =SUM(E84:E85) -> #REF! | F82: =SUM(F84:F85) -> #REF!
B84: 5000 BIENES MUEBLES E INMUEBLES | C84: {=SUM(IF(#REF!=5,IF(#REF!=4,#REF!)))} -> #REF! | D84: {=SUM(IF(#REF!=5,IF(#REF!=4,#REF!)))} -> #REF! | E84: {=SUM(IF(#REF!=5,IF(#REF!=4,#REF!)))} -> #REF! | F84: {=SUM(IF(#REF!=5,IF(#REF!=4,#REF!)))} -> #REF!
B85: 6000 OBRA PÚBLICA | C85: {=SUM(IF(#REF!=6,IF(#REF!=4,#REF!)))} -> #REF! | D85: {=SUM(IF(#REF!=6,IF(#REF!=4,#REF!)))} -> #REF! | E85: {=SUM(IF(#REF!=6,IF(#REF!=4,#REF!)))} -> #REF! | F85: {=SUM(IF(#REF!=6,IF(#REF!=4,#REF!)))} -> #REF!
A87: INVERSIÓN FINANCIERA | C87: =+C89 -> #REF! | D87: =+D89 -> #REF! | E87: =+E89 -> #REF! | F87: =+F89 -> #REF!
B89: 7000 INVERSIÓN FINANCIERA 1/ | C89: {=SUM(IF(#REF!=7,IF(#REF!=4,#REF!)))} -> #REF! | D89: {=SUM(IF(#REF!=7,IF(#REF!=4,#REF!)))} -> #REF! | E89: {=SUM(IF(#REF!=7,IF(#REF!=4,#REF!)))} -> #REF! | F89: {=SUM(IF(#REF!=7,IF(#REF!=4,#REF!)))} -> #REF!
A91: PAGO DE DEUDA | C91: =SUM(C93:C94) -> #REF! | D91: =SUM(D93:D94) -> #REF! | E91: =SUM(E93:E94) -> #REF! | F91: =SUM(F93:F94) -> #REF!
B93: 9100 AMORTIZACIÓN | C93: {=SUM(IF(#REF!=9101,IF(#REF!=4,#REF!)))} -> #REF! | D93: {=SUM(IF(#REF!=9101,IF(#REF!=4,#REF!)))} -> #REF! | E93: {=SUM(IF(#REF!=9101,IF(#REF!=4,#REF!)))} -> #REF! | F93: {=SUM(IF(#REF!=9101,IF(#REF!=4,#REF!)))} -> #REF!
B94: 9200 INTERESES | C94: {=SUM(IF(#REF!>=9200,IF(#REF!=4,#REF!)))} -> #REF! | D94: {=SUM(IF(#REF!>=9200,IF(#REF!=4,#REF!)))} -> #REF! | E94: {=SUM(IF(#REF!>=9200,IF(#REF!=4,#REF!)))} -> #REF! | F94: {=SUM(IF(#REF!>=9200,IF(#REF!=4,#REF!)))} -> #REF!
A96: Se alcanzó menores ingresos en venta de servicios por $ 4,642,945.17 por estar pendiente de recibir las aportaciones por las actividades del Servicio de Apoyo Legal en Materia Fiscal para la Recuperación de Créditos Fiscales de Impuestos Federales. En Ingresos Diversos, una mayor recaudación por $187,049.00 de las carteras R.H.P., Cartera Mypes Locales y Federales, cedida por Fondeco, y Focomi Mypes, propiedad de FIDERE, por las acciones de las demandas judiciales. En Venta de inversiones una mayor recaudación por $1,891,215.06 a lo esperado en los intereses que dan las instituciones bancarias por la inversión de la recuperación de las carteras administradas y un mayor importe a invertir de nuestros remanentes presupuestales. Por otra parte la cantidad de $12,150,331.29 que se tiene en el original anual en la disponibilidad inicial, corresponde a nuestro remanente presupuestal pendiente de utilizar de ejercicios anteriores , mientras el modificado por $25,278,460.97, corresponde a la disponibilidad inicial por 12,150,331.29 más el reconocimiento de nuestros remanentes del ejericio 2016 por $14,241.129.68 menos $1,113,000.00 aplicación de remanentes como apoyo a los ingresos en el rubro de Ingresos Diversos. | H96: =627.41+3923538.07 -> 3924165.5 | I96: =-982100-787200 -> -1769300 | J96: =+H96+I96 -> 2154865.5
A97: CONCEPTOS | C97: ORIGINAL | D97: MODIFICADO | E97: PROGRAMADO | F97: EJERCIDO
A98: CON APORTACIONES | C98: =SUM(C100+C107+C112+C116) -> 26895056 | D98: =SUM(D100+D107+D112+D116) -> 26895056 | E98: =SUM(E100+E107+E112+E116) -> 17378224 | F98: =SUM(F100+F107+F112+F116) -> 17378224 | G98: =+D98-C98 -> 0 | H98: =+E98-F98 -> 0 | I98: =+F98/E98*100 -> 100
A100: GASTO CORRIENTE | C100: =SUM(C102:C105) -> 26895056 | D100: =SUM(D102:D105) -> 26895056 | E100: =SUM(E102:E105) -> 17378224 | F100: =SUM(F102:F105) -> 17378224 | G100: =+D100-C100 -> 0 | H100: =+E100-F100 -> 0 | I100: =+F100/E100*100 -> 100
B102: 1000 SERVICIOS PERSONALES | C102: ='[1]Analítico Septiembre'!R22+'[1]Analítico Septiembre'!R25+'[1]Analítico Septiembre'!R37+'[1]Analítico Septiembre'!R82+'[1]Analítico Septiembre'!R88+'[1]Analítico Septiembre'!R102 -> 20895056 | D102: ='[1]Analítico Septiembre'!S22+'[1]Analítico Septiembre'!S25+'[1]Analítico Septiembre'!S37+'[1]Analítico Septiembre'!S82+'[1]Analítico Septiembre'!S88+'[1]Analítico Septiembre'!S102 -> 20895056 | E102: ='[1]Analítico Septiembre'!T22+'[1]Analítico Septiembre'!T25+'[1]Analítico Septiembre'!T37+'[1]Analítico Septiembre'!T82+'[1]Analítico Septiembre'!T88+'[1]Analítico Septiembre'!T102 -> 13014584 | F102: ='[1]Analítico Septiembre'!V22+'[1]Analítico Septiembre'!V25+'[1]Analítico Septiembre'!V37+'[1]Analítico Septiembre'!V82+'[1]Analítico Septiembre'!V88+ '[1]Analítico Septiembre'!V102 -> 13014584 | G102: =+D102-C102 -> 0 | H102: =+E102-F102 -> 0 | I102: =+F102/E102*100 -> 100
B103: 2000 MATERIALES Y SUMINISTROS | C103: 0 | D103: 0 | E103: 0 | F103: 0
B104: 3000 SERVICIOS GENERALES | C104: 0 | D104: 0 | E104: 0 | F104: 0
B105: 4000 TRANSFERENCIAS, ASIGNACIONES, SUBSIDIOS Y OTRAS AYUDAS | C105: ='[1]Analítico Septiembre'!R152 -> 6000000 | D105: ='[1]Analítico Septiembre'!S152 -> 6000000 | E105: ='[1]Analítico Septiembre'!T152 -> 4363640 | F105: ='[1]Analítico Septiembre'!V152 -> 4363640 | G105: =+D105-C105 -> 0 | H105: =+F105-E105 -> 0
A107: GASTO DE CAPITAL | C107: =SUM(C109:C110) -> 0 | D107: =SUM(D109:D110) -> 0 | E107: =SUM(E109:E110) -> 0 | F107: =SUM(F109:F110) -> 0
B109: 5000 BIENES MUEBLES, INMUEBLES E INTANGIBLES | C109: 0 | D109: 0 | E109: 0 | F109: 0
B110: 6000 OBRA PÚBLICA | C110: 0 | D110: 0 | E110: 0 | F110: 0
A112: INVERSIÓN FINANCIERA | C112: =+C114 -> 0 | D112: =+D114 -> 0 | E112: =+E114 -> 0 | F112: =+F114 -> 0
B114: 7000 INVERSIÓN FINANCIERA 1/ | C114: 0 | D114: 0 | E114: 0 | F114: 0
A116: PAGO DE DEUDA | C116: =SUM(C118:C119) -> 0 | D116: =SUM(D118:D119) -> 0 | E116: =SUM(E118:E119) -> 0 | F116: =SUM(F118:F119) -> 0
B117: 9100 AMORTIZACIÓN
B118: 9200 INTERESES
B119: 9500 ADEFAS
A121: CON TRANSFERENCIAS | C121: =SUM(C123+C131+C136+C140) -> 0 | D121: =SUM(D123+D131+D136+D140) -> 0 | E121: =SUM(E123+E131+E136+E140) -> 0 | F121: =SUM(F123+F131+F136+F140) -> 0
A123: GASTO CORRIENTE | C123: =SUM(C126:C129) -> 0 | D123: =SUM(D126:D129) -> 0 | E123: =SUM(E126:E129) -> 0 | F123: =SUM(F126:F129) -> 0
C125: =#REF! -> #REF!
B126: 1000 SERVICIOS PERSONALES
B127: 2000 MATERIALES Y SUMINISTROS
B128: 3000 SERVICIOS GENERALES
B129: 4000 TRANSFERENCIAS, ASIGNACIONES, SUBSIDIOS Y OTRAS AYUDAS
A131: GASTO DE CAPITAL | C131: =SUM(C133:C134) -> 0 | D131: =SUM(D133:D134) -> 0 | E131: =SUM(E133:E134) -> 0 | F131: =SUM(F133:F134) -> 0
B133: 5000 BIENES MUEBLES, INMUEBLES E INTANGIBLES
B134: 6000 OBRA PÚBLICA
A136: INVERSIÓN FINANCIERA | C136: =+C138 -> 0 | D136: =+D138 -> 0 | E136: =+E138 -> 0 | F136: =+F138 -> 0
B138: 7000 INVERSIÓN FINANCIERA Y OTRAS PROVISIONES 1/
A140: PAGO DE DEUDA | C140: =SUM(C142:C143) -> 0 | D140: =SUM(D142:D143) -> 0 | E140: =SUM(E142:E143) -> 0 | F140: =SUM(F142:F143) -> 0
B141: 9100 AMORTIZACIÓN
B142: 9200 INTERESES
B143: 9500 ADEFAS | H143: =+G144-'[5]Analítico Agosto'!W160 -> 40539457
G144: =+D145-F145 -> 40659091
A145: GASTO TOTAL | C145: =SUM(C147+C154+C159+C163) -> 88806148 | D145: =SUM(D147+D154+D159+D163) -> 89919148 | E145: =SUM(E147+E154+E159+E163) -> 63526271 | F145: =SUM(F147+F154+F159+F163) -> 49260057 | G145: =+D145-C145 -> 1113000 | H145: =+E145-F145 -> 14266214 | I145: =+F145/E145*100 -> 77.542812 | J145: =+D145-F145 -> 40659091
J146: =+D146-F146 -> 0
A147: GASTO CORRIENTE | C147: =SUM(C149:C152) -> 88806148 | D147: =SUM(D149:D152) -> 88786148 | E147: =SUM(E149:E152) -> 62393271 | F147: =SUM(F149:F152) -> 49260057 | G147: =+D147-C147 -> -20000 | H147: =+E147-F147 -> 13133214 | I147: =+F147/E147*100 -> 78.950913 | J147: =+D147-F147 -> 39526091
H148: =+E148-F148 -> 0 | J148: =+D148-F148 -> 0
B149: 1000 SERVICIOS PERSONALES | C149: =+C54+C102 -> 49681517 | D149: =+D54+D102 -> 49681517 | E149: =+E54+E102 -> 33160333 | F149: =+F54+F102 -> 27767000 | G149: =+D149-C149 -> 0 | H149: =+E149-F149 -> 5393333.2 | I149: =+F149/E149*100 -> 83.735588 | J149: =+D149-F149 -> 21914517
B150: 2000 MATERIALES Y SUMINISTROS | C150: =+C55+C103 -> 1635100 | D150: =+D55+D103 -> 1635100 | E150: =+E55+E103 -> 1468954 | F150: =+F55+F103 -> 951680.64 | G150: =+D150-C150 -> 0 | H150: =+E150-F150 -> 517273.36 | I150: =+F150/E150*100 -> 64.786279 | J150: =+D150-F150 -> 683419.36
...

Sheet Analítico Septiembre
N1: GOBIERNO DE LA CIUDAD DE MÉXICO
N2: ESTADO DE DETALLE DEL PRESUPUESTO DE EGRESOS
N3: ANALITICO DE CLAVES
N4: (cifras en pesos)
N5: 09PFRC FIDEICOMISO DE RECUPERACIÓN CREDITICIA DE LA CIUDAD DE MÉXICO (FIDERE)
W6: Mes: | X6: 43008
A7: CENTRO GESTOR | D7: ÁREA FUNCIONAL | H7: FONDO | I7: FG | J7: FE | L7: OR | M7: POSICIÓN PRESUPUESTAL | N7: TG | O7: DI | P7: DG | Q7: PROYECTO DE INVERSIÓN | R7: ORIGINAL | S7: MODIFICADO | T7: PROGRAMADO ACUMULADO | U7: EJERCIDO | W7: DEVENGADO | X7: COMPROMETIDO | Y7: DISPONIBLE | Z7: COMPROMETIDO SALDO ANTERIOR | AA7: DEVENGADO ANTERIOR | AB7: EJERCIDO MENSUAL | AC7: DIFERENCIA
A8: S | B8: SB | C8: UR | D8: FI | E8: F | F8: SF | G8: AI | H8: FF | I8: FG | J8: FE | K8: AD | L8: OR | M8: PTDA | N8: TG | O8: DI | P8: DG | U8: MENSUAL | V8: AL PERIODO
A9: 9 | B9: PF | C9: RC | D9: 1 | E9: 2 | F9: 4 | G9: 306 | H9: 4 | I9: 1 | J9: 2 | K9: 7 | L9: 0 | M9: 1547 | N9: 1 | O9: 1 | P9: 0 | R9: 80000 | S9: 80000 | T9: 80000 | U9: 0 | V9: 57000 | W9: 0 | X9: 0 | Y9: =+S9-V9-X9-W9 -> 23000 | Z9: 0 | AB9: =+Z9-X9 -> 0 | AC9: =+U9-AB9+W9 -> 0
N10: CAPÍTULO 1000 | R10: =+R9 -> 80000 | S10: =+S9 -> 80000 | T10: =+T9 -> 80000 | U10: =+U9 -> 0 | V10: =+V9 -> 57000 | W10: =+W9 -> 0 | X10: =+X9 -> 0 | Y10: =+Y9 -> 23000 | Z10: =+Z9 -> 0 | AB10: =+AB9 -> 0 | AC10: =+AC9 -> 0
A11: 9 | B11: PF | C11: RC | D11: 1 | E11: 2 | F11: 4 | G11: 306 | H11: 4 | I11: 1 | J11: 2 | K11: 7 | L11: 0 | M11: 3341 | N11: 1 | O11: 1 | P11: 0 | R11: 35000 | S11: 35000 | T11: 0 | U11: 0 | V11: 0 | W11: 0 | X11: 0 | Y11: =+S11-V11-X11-W11 -> 35000 | Z11: 0 | AB11: =+Z11-X11 -> 0 | AC11: =+U11-AB11+W11 -> 0
N12: CAPÍTULO 3000 | R12: =+R11 -> 35000 | S12: =+S11 -> 35000 | T12: =+T11 -> 0 | U12: =+U11 -> 0 | V12: =+V11 -> 0 | W12: =+W11 -> 0 | X12: =+X11 -> 0 | Y12: =+Y11 -> 35000 | Z12: =+Z11 -> 0 | AB12: =+AB11 -> 0 | AC12: =+AC11 -> 0
A13: TOTAL CLASIFICACIÓN FUNCIONAL 1 2 4 3 0 6 | R13: =+R10+R12 -> 115000 | S13: =+S10+S12 -> 115000 | T13: =+T10+T12 -> 80000 | U13: =+U10+U12 -> 0 | V13: =+V10+V12 -> 57000 | W13: =+W10+W12 -> 0 | X13: =+X10+X12 -> 0 | Y13: =+Y10+Y12 -> 58000 | Z13: =+Z10+Z12 -> 0 | AB13: =+AB10+AB12 -> 0 | AC13: =+AC10+AC12 -> 0
A14: 9 | B14: PF | C14: RC | D14: 1 | E14: 7 | F14: 2 | G14: 301 | H14: 4 | I14: 1 | J14: 2 | K14: 7 | L14: 0 | M14: 2721 | N14: 1 | O14: 1 | P14: 0 | R14: 40000 | S14: 40000 | T14: 40000 | U14: 0 | V14: 0 | W14: 0 | X14: 0 | Y14: =+S14-V14-X14-W14 -> 40000 | Z14: 0 | AB14: =+Z14-X14 -> 0 | AC14: =+U14-AB14+W14 -> 0
A15: 9 | B15: PF | C15: RC | D15: 1 | E15: 7 | F15: 2 | G15: 301 | H15: 4 | I15: 1 | J15: 2 | K15: 7 | L15: 0 | M15: 2731 | N15: 1 | O15: 1 | P15: 0 | R15: 2000 | S15: 2000 | T15: 2000 | U15: 0 | V15: 888 | W15: 0 | X15: 0 | Y15: =+S15-V15-X15-W15 -> 1112 | Z15: 0 | AB15: =+Z15-X15 -> 0 | AC15: =+U15-AB15+W15 -> 0
N16: CAPÍTULO 2000 | R16: =SUM(R14:R15) -> 42000 | S16: =SUM(S14:S15) -> 42000 | T16: =SUM(T14:T15) -> 42000 | U16: =SUM(U14:U15) -> 0 | V16: =SUM(V14:V15) -> 888 | W16: =SUM(W14:W15) -> 0 | X16: =SUM(X14:X15) -> 0 | Y16: =SUM(Y14:Y15) -> 41112 | Z16: =SUM(Z14:Z15) -> 0 | AB16: =SUM(AB14:AB15) -> 0 | AC16: =SUM(AC14:AC15) -> 0
A17: 9 | B17: PF | C17: RC | D17: 1 | E17: 7 | F17: 2 | G17: 301 | H17: 4 | I17: 1 | J17: 2 | K17: 7 | L17: 0 | M17: 3341 | N17: 1 | O17: 1 | P17: 0 | R17: 60000 | S17: 60000 | T17: 0 | U17: 0 | V17: 0 | X17: 0 | Y17: =+S17-V17-X17-W17 -> 60000 | Z17: 0 | AB17: =+Z17-X17 -> 0 | AC17: =+U17-AB17 -> 0
A18: 9 | B18: PF | C18: RC | D18: 1 | E18: 7 | F18: 2 | G18: 301 | H18: 4 | I18: 1 | J18: 2 | K18: 7 | L18: 0 | M18: 3521 | N18: 1 | O18: 1 | P18: 0 | R18: 20000 | S18: 20000 | T18: 20000 | U18: 0 | V18: 0 | W18: 0 | X18: 0 | Y18: =+S18-V18-X18-W18 -> 20000 | Z18: 0 | AB18: =+Z18-X18 -> 0 | AC18: =+U18-AB18 -> 0
N19: CAPÍTULO 3000 | R19: =SUM(R17:R18) -> 80000 | S19: =SUM(S17:S18) -> 80000 | T19: =SUM(T17:T18) -> 20000 | U19: =SUM(U17:U18) -> 0 | V19: =SUM(V17:V18) -> 0 | W19: =SUM(W17:W18) -> 0 | X19: =SUM(X17:X18) -> 0 | Y19: =SUM(Y17:Y18) -> 80000 | Z19: =SUM(Z17:Z18) -> 0 | AB19: =SUM(AB17:AB18) -> 0 | AC19: =SUM(AC17:AC18) -> 0
A20: TOTAL CLASIFICACIÓN FUNCIONAL 1 7 2 3 0 1 | R20: =+R16+R19 -> 122000 | S20: =+S16+S19 -> 122000 | T20: =+T16+T19 -> 62000 | U20: =+U16+U19 -> 0 | V20: =+V16+V19 -> 888 | W20: =+W16+W19 -> 0 | X20: =+X16+X19 -> 0 | Y20: =+Y16+Y19 -> 121112 | Z20: =+Z16+Z19 -> 0 | AB20: =+AB16+AB19 -> 0 | AC20: =+AC16+AC19 -> 0
A21: 9 | B21: PF | C21: RC | D21: 1 | E21: 8 | F21: 5 | G21: 301 | H21: 4 | I21: 1 | J21: 2 | K21: 7 | L21: 0 | M21: 1131 | N21: 1 | O21: 1 | P21: 0 | R21: 1881000 | S21: 1881000 | T21: 1458000 | U21: 43463.4 | V21: 786003.99 | W21: 0 | X21: 1094996 | Y21: =+S21-V21-X21-W21 -> 0 | Z21: 1138459.4 | AB21: =+Z21-X21+AA21-W21 -> 43463.4 | AC21: =+U21-AB21 -> -1.3824319e-10
A22: 9 | B22: PF | C22: RC | D22: 1 | E22: 8 | F22: 5 | G22: 301 | H22: 1 | I22: 1 | J22: 1 | K22: 7 | L22: 0 | M22: 1131 | N22: 1 | O22: 1 | P22: 0 | R22: 5500034 | S22: 5500034 | T22: 4000024 | U22: 500003 | V22: 4000024 | W22: 0 | X22: 1500010 | Y22: =+S22-V22-X22-W22 -> 0 | Z22: 2000013 | AB22: =+Z22-X22+AA22-W22 -> 500003 | AC22: =+U22-AB22 -> 0
A23: 9 | B23: PF | C23: RC | D23: 1 | E23: 8 | F23: 5 | G23: 301 | H23: 4 | I23: 1 | J23: 2 | K23: 7 | L23: 0 | M23: 1321 | N23: 1 | O23: 1 | P23: 0 | R23: 313915 | S23: 313915 | T23: 306415 | U23: 0 | V23: 284356.56 | W23: 0 | X23: 29558.44 | Y23: =+S23-V23-X23-W23 -> 0 | Z23: 29558.44 | AB23: =+Z23-X23+AA23-W23 -> 0 | AC23: =+U23-AB23 -> 0
A24: 9 | B24: PF | C24: RC | D24: 1 | E24: 8 | F24: 5 | G24: 301 | H24: 4 | I24: 1 | J24: 2 | K24: 7 | L24: 0 | M24: 1323 | N24: 1 | O24: 1 | P24: 0 | R24: 599967 | S24: 599967 | T24: 100000 | U24: 0 | V24: 9782.14 | W24: 0 | X24: 590184.86 | Y24: =+S24-V24-X24-W24 -> 0 | Z24: 590184.86 | AB24: =+Z24-X24+AA24-W24 -> 0 | AC24: =+U24-AB24 -> 0
A25: 9 | B25: PF | C25: RC | D25: 1 | E25: 8 | F25: 5 | G25: 301 | H25: 1 | I25: 1 | J25: 1 | K25: 7 | L25: 0 | M25: 1323 | N25: 1 | O25: 1 | P25: 0 | R25: 1000000 | S25: 1000000 | T25: 0 | U25: 0 | V25: 0 | W25: 0 | X25: 1000000 | Y25: =+S25-V25-X25-W25 -> 0 | Z25: 1000000 | AB25: =+Z25-X25+AA25-W25 -> 0 | AC25: =+U25-AB25 -> 0
A26: 9 | B26: PF | C26: RC | D26: 1 | E26: 8 | F26: 5 | G26: 301 | H26: 4 | I26: 1 | J26: 2 | K26: 7 | L26: 0 | M26: 1331 | N26: 1 | O26: 1 | P26: 0 | R26: 5000 | S26: 5000 | T26: 5000 | U26: 0 | V26: 0 | W26: 0 | X26: 0 | Y26: =+S26-V26-X26-W26 -> 5000 | Z26: 0 | AB26: =+Z26-X26+AA26-W26 -> 0 | AC26: =+U26-AB26 -> 0
A27: 9 | B27: PF | C27: RC | D27: 1 | E27: 8 | F27: 5 | G27: 301 | H27: 4 | I27: 1 | J27: 2 | K27: 7 | L27: 0 | M27: 1412 | N27: 1 | O27: 1 | P27: 0 | R27: 1183302 | S27: 1183302 | T27: 937481 | U27: 98609 | V27: 788872 | W27: 0 | X27: 394430 | Y27: =+S27-V27-X27-W27 -> 0 | Z27: 493039 | AB27: =+Z27-X27+AA27-W27 -> 98609 | AC27: =+U27-AB27 -> 0
A28: 9 | B28: PF | C28: RC | D28: 1 | E28: 8 | F28: 5 | G28: 301 | H28: 4 | I28: 1 | J28: 2 | K28: 7 | L28: 0 | M28: 1422 | N28: 1 | O28: 1 | P28: 0 | R28: 607569 | S28: 607569 | T28: 485679 | U28: 101262 | V28: 405048 | W28: 0 | X28: 202521 | Y28: =+S28-V28-X28-W28 -> 0 | Z28: 303783 | AB28: =+Z28-X28+AA28-W28 -> 101262 | AC28: =+U28-AB28 -> 0
A29: 9 | B29: PF | C29: RC | D29: 1 | E29: 8 | F29: 5 | G29: 301 | H29: 4 | I29: 1 | J29: 2 | K29: 7 | L29: 0 | M29: 1431 | N29: 1 | O29: 1 | P29: 0 | R29: 762500 | S29: 762500 | T29: 601878 | U29: 127084 | V29: 508336 | W29: 0 | X29: 254164 | Y29: =+S29-V29-X29-W29 -> 0 | Z29: 381248 | AB29: =+Z29-X29+AA29-W29 -> 127084 | AC29: =+U29-AB29 -> 0
A30: 9 | B30: PF | C30: RC | D30: 1 | E30: 8 | F30: 5 | G30: 301 | H30: 4 | I30: 1 | J30: 2 | K30: 7 | L30: 0 | M30: 1441 | N30: 1 | O30: 1 | P30: 0 | R30: 355980 | S30: 355980 | T30: 266985 | U30: 29665 | V30: 195862.1 | W30: 0 | X30: 7797.9 | Y30: =+S30-V30-X30-W30 -> 152320 | Z30: 7797.9 | AB30: =+Z30-X30+AA30-W30 -> 0 | AC30: =+U30-AB30 -> 29665
A31: 9 | B31: PF | C31: RC | D31: 1 | E31: 8 | F31: 5 | G31: 301 | H31: 4 | I31: 1 | J31: 2 | K31: 7 | L31: 0 | M31: 1511 | N31: 1 | O31: 1 | P31: 0 | R31: 306211 | S31: 306211 | T31: 229662 | U31: 24340.02 | V31: 209115.52 | W31: 0 | X31: 97095.48 | Y31: =+S31-V31-X31-W31 -> 0 | Z31: 121435.5 | AB31: =+Z31-X31+AA31-W31 -> 24340.02 | AC31: =+U31-AB31 -> 0
A32: 9 | B32: PF | C32: RC | D32: 1 | E32: 8 | F32: 5 | G32: 301 | H32: 4 | I32: 1 | J32: 2 | K32: 7 | L32: 0 | M32: 1541 | N32: 1 | O32: 1 | P32: 18 | R32: 471796 | S32: 471796 | T32: 0 | U32: 0 | V32: 0 | W32: 0 | X32: 0 | Y32: =+S32-V32-X32-W32 -> 471796 | Z32: 0 | AB32: =+Z32-X32+AA32-W32 -> 0 | AC32: =+U32-AB32 -> 0
... A37: 9 | B37: PF | C37: RC | D37: 1 | E37: 8 | F37: 5 | G37: 301 | H37: 1 | I37: 1 | J37: 1 | K37: 7 | L37: 0 | M37: 1591 | N37: 1 | O37: 1 | P37: 0 | R37: 2000000 | S37: 2000000 | T37: 1454544 | U37: 181818 | V37: 1454544 | W37: 0 | X37: 545456 | Y37: =+S37-V37-X37-W37 -> 0 | Z37: 727274 | AB37: =+Z37-X37+AA37-W37 -> 181818 | AC37: =+U37-AB37 -> 0
N38: CAPÍTULO 1000 | R38: =SUM(R21:R37) -> 17048698 | S38: =SUM(S21:S37) -> 17048698 | T38: =SUM(T21:T37) -> 11507162 | U38: =SUM(U21:U37) -> 1241572.4 | V38: =SUM(V21:V37) -> 10075645 | W38: =SUM(W21:W37) -> 0 | X38: =SUM(X21:X37) -> 6237049.2 | Y38: =SUM(Y21:Y37) -> 736003.94 | ... AC38: =SUM(AC21:AC37) -> 29665
A39: 9 | B39: PF | C39: RC | D39: 1 | E39: 8 | F39: 5 | G39: 301 | H39: 4 | I39: 1 | J39: 2 | K39: 7 | L39: 0 | M39: 2111 | N39: 1 | O39: 1 | P39: 0 | R39: 185000 | S39: 185000 | T39: 170000 | U39: 0 | V39: 156570.17 | W39: 0 | X39: 0 | Y39: =+S39-V39-X39-W39 -> 28429.83 | Z39: 0 | AB39: =+Z39-X39+AA39-W39 -> 0 | AC39: =+U39-AB39 -> 0
A40: 9 | B40: PF | C40: RC | D40: 1 | E40: 8 | F40: 5 | G40: 301 | H40: 4 | I40: 1 | J40: 2 | K40: 7 | L40: 0 | M40: 2121 | N40: 1 | O40: 1 | P40: 0 | R40: 1500 | S40: 1500 | T40: 1500 | U40: 0 | V40: 0 | W40: 0 | X40: 0 | Y40: =+S40-V40-X40-W40 -> 1500 | Z40: 0 | AB40: =+Z40-X40+AA40-W40 -> 0 | AC40: =+U40-AB40 -> 0
A41: 9 | B41: PF | C41: RC | D41: 1 | E41: 8 | F41: 5 | G41: 301 | H41: 4 | I41: 1 | J41: 2 | K41: 7 | L41: 0 | M41: 2141 | N41: 1 | O41: 1 | P41: 0 | R41: 125000 | S41: 125000 | T41: 125000 | U41: 0 | V41: 121201.07 | W41: 0 | X41: 0 | Y41: =+S41-V41-X41-W41 -> 3798.93 | Z41: 0 | AB41: =+Z41-X41+AA41-W41 -> 0 | AC41: =+U41-AB41 -> 0
A42: 9 | B42: PF | C42: RC | D42: 1 | E42: 8 | F42: 5 | G42: 301 | H42: 4 | I42: 1 | J42: 2 | K42: 7 | L42: 0 | M42: 2151 | N42: 1 | O42: 1 | P42: 0 | R42: 17000 | S42: 17000 | T42: 17000 | U42: 0 | V42: 13907.3 | W42: 0 | X42: 0 | Y42: =+S42-V42-X42-W42 -> 3092.7 | Z42: 0 | AB42: =+Z42-X42+AA42-W42 -> 0 | AC42: =+U42-AB42 -> 0
A43: 9 | B43: PF | C43: RC | D43: 1 | E43: 8 | F43: 5 | G43: 301 | H43: 4 | I43: 1 | J43: 2 | K43: 7 | L43: 0 | M43: 2161 | N43: 1 | O43: 1 | P43: 0 | R43: 3000 | S43: 3000 | T43: 2250 | U43: 0 | V43: 293.08 | W43: 0 | X43: 0 | Y43: =+S43-V43-X43-W43 -> 2706.92 | Z43: 0 | AB43: =+Z43-X43+AA43-W43 -> 0 | AC43: =+U43-AB43 -> 0
A44: 9 | B44: PF | C44: RC | D44: 1 | E44: 8 | F44: 5 | G44: 301 | H44: 4 | I44: 1 | J44: 2 | K44: 7 | L44: 0 | M44: 2211 | N44: 1 | O44: 1 | P44: 0 | R44: 12000 | S44: 12000 | T44: 9000 | U44: 0 | V44: 1566.76 | W44: 0 | X44: 0 | Y44: =+S44-V44-X44-W44 -> 10433.24 | Z44: 0 | AB44: =+Z44-X44+AA44-W44 -> 0 | AC44: =+U44-AB44 -> 0
A45: 9 | B45: PF | C45: RC | D45: 1 | E45: 8 | F45: 5 | G45: 301 | H45: 4 | I45: 1 | J45: 2 | K45: 7 | L45: 0 | M45: 2231 | N45: 1 | O45: 1 | P45: 0 | R45: 2500 | S45: 2500 | T45: 1872 | U45: 0 | V45: 0 | W45: 0 | X45: 0 | Y45: =+S45-V45-X45-W45 -> 2500 | Z45: 0 | AB45: =+Z45-X45+AA45-W45 -> 0 | AC45: =+U45-AB45 -> 0
A46: 9 | B46: PF | C46: RC | D46: 1 | E46: 8 | F46: 5 | G46: 301 | H46: 4 | I46: 1 | J46: 2 | K46: 7 | L46: 0 | M46: 2431 | N46: 1 | O46: 1 | P46: 0 | R46: 1000 | S46: 1000 | T46: 1000 | U46: 0 | V46: 0 | W46: 0 | X46: 0 | Y46: =+S46-V46-X46-W46 -> 1000 | Z46: 0 | AB46: =+Z46-X46+AA46-W46 -> 0 | AC46: =+U46-AB46 -> 0
A47: 9 | B47: PF | C47: RC | D47: 1 | E47: 8 | F47: 5 | G47: 301 | H47: 4 | I47: 1 | J47: 2 | K47: 7 | L47: 0 | M47: 2441 | N47: 1 | O47: 1 | P47: 0 | R47: 1000 | S47: 1000 | T47: 1000 | U47: 0 | V47: 0 | W47: 0 | X47: 0 | Y47: =+S47-V47-X47-W47 -> 1000 | Z47: 0 | AB47: =+Z47-X47+AA47-W47 -> 0 | AC47: =+U47-AB47 -> 0
A48: 9 | B48: PF | C48: RC | D48: 1 | E48: 8 | F48: 5 | G48: 301 | H48: 4 | I48: 1 | J48: 2 | K48: 7 | L48: 0 | M48: 2451 | N48: 1 | O48: 1 | P48: 0 | R48: 5000 | S48: 5000 | T48: 5000 | U48: 0 | V48: 520 | W48: 0 | X48: 0 | Y48: =+S48-V48-X48-W48 -> 4480 | Z48: 0 | AB48: =+Z48-X48+AA48-W48 -> 0 | AC48: =+U48-AB48 -> 0
A49: 9 | B49: PF | C49: RC | D49: 1 | E49: 8 | F49: 5 | G49: 301 | H49: 4 | I49: 1 | J49: 2 | K49: 7 | L49: 0 | M49: 2461 | N49: 1 | O49: 1 | P49: 0 | R49: 10000 | S49: 8000 | T49: 8000 | U49: 0 | V49: 0 | W49: 0 | X49: 0 | Y49: =+S49-V49-X49-W49 -> 8000 | Z49: 0 | AB49: =+Z49-X49+AA49-W49 -> 0 | AC49: =+U49-AB49 -> 0
A50: 9 | B50: PF | C50: RC | D50: 1 | E50: 8 | F50: 5 | G50: 301 | H50: 4 | I50: 1 | J50: 2 | K50: 7 | L50: 0 | M50: 2471 | N50: 1 | O50: 1 | P50: 0 | R50: 2000 | S50: 2000 | T50: 2000 | U50: 0 | V50: 0 | W50: 0 | X50: 0 | Y50: =+S50-V50-X50-W50 -> 2000 | Z50: 0 | AB50: =+Z50-X50+AA50-W50 -> 0 | AC50: =+U50-AB50 -> 0
... A56: 9 | B56: PF | C56: RC | D56: 1 | E56: 8 | F56: 5 | G56: 301 | H56: 4 | I56: 1 | J56: 2 | K56: 7 | L56: 0 | M56: 2931 | N56: 1 | O56: 1 | P56: 0 | R56: 5000 | S56: 5000 | T56: 3753 | U56: 0 | V56: 3227.81 | W56: 0 | X56: 0 | Y56: =+S56-V56-X56-W56 -> 1772.19 | Z56: 0 | AB56: =+Z56-X56+AA56-W56 -> 0 | AC56: =+U56-AB56 -> 0
N57: CAPÍTULO 2000 | R57: =SUM(R39:R56) -> 399500 | S57: =SUM(S39:S56) -> 399500 | T57: =SUM(T39:T56) -> 376628 | U57: =SUM(U39:U56) -> 202.58 | V57: =SUM(V39:V56) -> 305162.7 | W57: =SUM(W39:W56) -> 0 | X57: =SUM(X39:X56) -> 0 | Y57: =SUM(Y39:Y56) -> 94337.3 | ... AC57: =SUM(AC39:AC56) -> 202.58
A58: 9 | B58: PF | C58: RC | D58: 1 | E58: 8 | F58: 5 | G58: 301 | H58: 4 | I58: 1 | J58: 2 | K58: 7 | L58: 0 | M58: 3112 | N58: 1 | O58: 1 | P58: 0 | R58: 400000 | S58: 400000 | T58: 400000 | U58: 0 | V58: 318860.87 | W58: 0 | X58: 81139.13 | Y58: =+S58-V58-X58-W58 -> 0 | Z58: 81139.13 | AB58: =+Z58-X58+AA58-W58 -> 0 | AC58: =+U58-AB58 -> 0
A59: 9 | B59: PF | C59: RC | D59: 1 | E59: 8 | F59: 5 | G59: 301 | H59: 4 | I59: 1 | J59: 2 | K59: 7 | L59: 0 | M59: 3131 | N59: 1 | O59: 1 | P59: 0 | R59: 45000 | S59: 45000 | T59: 33750 | U59: 3750 | V59: 18750 | W59: 0 | X59: 26250 | Y59: =+S59-V59-X59-W59 -> 0 | Z59: 30000 | AB59: =+Z59-X59+AA59-W59 -> 3750 | AC59: =+U59-AB59 -> 0
A60: 9 | B60: PF | C60: RC | D60: 1 | E60: 8 | F60: 5 | G60: 301 | H60: 4 | I60: 1 | J60: 2 | K60: 7 | L60: 0 | M60: 3141 | N60: 1 | O60: 1 | P60: 22 | R60: 200000 | S60: 200000 | T60: 150003 | U60: 0 | V60: 133336 | W60: 0 | X60: 66664 | Y60: =+S60-V60-X60-W60 -> 0 | Z60: 66664 | AB60: =+Z60-X60+AA60-W60 -> 0 | AC60: =+U60-AB60 -> 0
A61: 9 | B61: PF | C61: RC | D61: 1 | E61: 8 | F61: 5 | G61: 301 | H61: 4 | I61: 1 | J61: 2 | K61: 7 | L61: 0 | M61: 3171 | N61: 1 | O61: 1 | P61: 0 | R61: 150000 | S61: 150000 | T61: 112500 | U61: 0 | V61: 100000 | W61: 0 | X61: 50000 | Y61: =+S61-V61-X61-W61 -> 0 | Z61: 50000 | AB61: =+Z61-X61+AA61-W61 -> 0 | AC61: =+U61-AB61 -> 0
A62: 9 | B62: PF | C62: RC | D62: 1 | E62: 8 | F62: 5 | G62: 301 | H62: 4 | I62: 1 | J62: 2 | K62: 7 | L62: 0 | M62: 3191 | N62: 1 | O62: 1 | P62: 0 | R62: 9000 | S62: 9000 | T62: 6750 | U62: 574.14 | V62: 2525.87 | W62: 0 | X62: 6474.13 | Y62: =+S62-V62-X62-W62 -> 0 | Z62: 7048.27 | AB62: =+Z62-X62+AA62-W62 -> 574.14 | AC62: =+U62-AB62 -> 0
A63: 9 | B63: PF | C63: RC | D63: 1 | E63: 8 | F63: 5 | G63: 301 | H63: 4 | I63: 1 | J63: 2 | K63: 7 | L63: 0 | M63: 3221 | N63: 1 | O63: 1 | P63: 0 | R63: 1404000 | S63: 1404000 | T63: 1019127 | U63: 128292 | V63: 1019127 | W63: 0 | X63: 384873 | Y63: =+S63-V63-X63-W63 -> 0 | Z63: 513165 | AB63: =+Z63-X63+AA63-W63 -> 128292 | AC63: =+U63-AB63 -> 0
A64: 9 | B64: PF | C64: RC | D64: 1 | E64: 8 | F64: 5 | G64: 301 | H64: 4 | I64: 1 | J64: 2 | K64: 7 | L64: 0 | M64: 3341 | N64: 1 | O64: 1 | P64: 0 | R64: 75000 | S64: 75000 | T64: 75000 | U64: 11918.7 | V64: 11918.7 | W64: 0 | X64: 0 | Y64: =+S64-V64-X64-W64 -> 63081.3 | Z64: 0 | AB64: =+Z64-X64+AA64-W64 -> 0 | AC64: =+U64-AB64 -> 11918.7
A65: 9 | B65: PF | C65: RC | D65: 1 | E65: 8 | F65: 5 | G65: 301 | H65: 4 | I65: 1 | J65: 2 | K65: 7 | L65: 0 | M65: 3361 | N65: 1 | O65: 1 | P65: 0 | R65: 200000 | S65: 200000 | T65: 150003 | U65: 0 | V65: 8818.86 | W65: 0 | X65: 150000 | Y65: =+S65-V65-X65-W65 -> 41181.14 | Z65: 150000 | AB65: =+Z65-X65+AA65-W65 -> 0 | AC65: =+U65-AB65 -> 0
A66: 9 | B66: PF | C66: RC | D66: 1 | E66: 8 | F66: 5 | G66: 301 | H66: 4 | I66: 1 | J66: 2 | K66: 7 | L66: 0 | M66: 3362 | N66: 1 | O66: 1 | P66: 0 | R66: 200000 | S66: 200000 | T66: 150003 | U66: 0 | V66: 15247.47 | W66: 0 | X66: 0 | Y66: =+S66-V66-X66-W66 -> 184752.53 | Z66: 0 | AB66: =+Z66-X66+AA66-W66 -> 0 | AC66: =+U66-AB66 -> 0
A67: 9 | B67: PF | C67: RC | D67: 1 | E67: 8 | F67: 5 | G67: 301 | H67: 4 | I67: 1 | J67: 2 | K67: 7 | L67: 0 | M67: 3381 | N67: 1 | O67: 1 | P67: 0 | R67: 183360 | S67: 183360 | T67: 137520 | U67: 15280 | V67: 122240 | W67: 0 | X67: 61120 | Y67: =+S67-V67-X67-W67 -> 0 | Z67: 76400 | AB67: =+Z67-X67+AA67-W67 -> 15280 | AC67: =+U67-AB67 -> 0
A68: 9 | B68: PF | C68: RC | D68: 1 | E68: 8 | F68: 5 | G68: 301 | H68: 4 | I68: 1 | J68: 2 | K68: 7 | L68: 0 | M68: 3451 | N68: 1 | O68: 1 | P68: 0 | R68: 100000 | S68: 100000 | T68: 74997 | U68: 8938.72 | V68: 69565 | W68: 0 | X68: 17877.44 | Y68: =+S68-V68-X68-W68 -> 12557.56 | Z68: 26816.16 | AB68: =+Z68-X68+AA68-W68 -> 8938.72 | AC68: =+U68-AB68 -> 0
A69: 9 | B69: PF | C69: RC | D69: 1 | E69: 8 | F69: 5 | G69: 301 | H69: 4 | I69: 1 | J69: 2 | K69: 7 | L69: 0 | M69: 3461 | N69: 1 | O69: 1 | P69: 0 | R69: 250000 | S69: 250000 | T69: 187497 | U69: 27866.32 | V69: 76716.3 | W69: 0 | X69: 68279.7 | Y69: =+S69-V69-X69-W69 -> 105004 | Z69: 96146.02 | AB69: =+Z69-X69+AA69-W69 -> 27866.32 | AC69: =+U69-AB69 -> 0
... A78: 9 | B78: PF | C78: RC | D78: 1 | E78: 8 | F78: 5 | G78: 301 | H78: 4 | I78: 1 | J78: 2 | K78: 7 | L78: 0 | M78: 3982 | N78: 1 | O78: 1 | P78: 0 | R78: 600000 | S78: 600000 | T78: 25000 | U78: 0 | V78: 0 | W78: 0 | X78: 0 | Y78: =+S78-V78-X78-W78 -> 600000 | Z78: 0 | AB78: =+Z78-X78+AA78-W78 -> 0 | AC78: =+U78-AB78 -> 0
N79: CAPÍTULO 3000 | R79: =SUM(R58:R78) -> 5177360 | S79: =SUM(S58:S78) -> 5177360 | T79: =SUM(T58:T78) -> 3571737 | U79: =SUM(U58:U78) -> 251944.63 | V79: =SUM(V58:V78) -> 2435604.3 | W79: =SUM(W58:W78) -> 0 | X79: =SUM(X58:X78) -> 1067386.3 | Y79: =SUM(Y58:Y78) -> 1674369.4 | ... AC79: =SUM(AC58:AC78) -> 38091.55
A80: TOTAL CLASIFICACIÓN FUNCIONAL 1 8 5 3 0 1 | R80: =+R38+R57+R79 -> 22625558 | S80: =+S38+S57+S79 -> 22625558 | T80: =+T38+T57+T79 -> 15455527 | U80: =+U38+U57+U79 -> 1493719.6 | V80: =+V38+V57+V79 -> 12816412 | W80: =+W38+W57+W79 -> 0 | X80: =+X38+X57+X79 -> 7304435.5 | Y80: =+Y38+Y57+Y79 -> 2504710.7 | ... AC80: =+AC38+AC57+AC79 -> 67959.13
A81: 9 | B81: PF | C81: RC | D81: 2 | E81: 2 | F81: 7 | G81: 326 | H81: 4 | I81: 1 | J81: 2 | K81: 7 | L81: 0 | M81: 1131 | N81: 1 | O81: 1 | P81: 0 | R81: 5735252 | S81: 5735252 | T81: 4353122 | U81: 302905.64 | V81: 3099868.5 | W81: 0 | X81: 2635383.5 | Y81: =+S81-V81-X81-W81 -> 0 | Z81: 2938289.2 | AB81: =+Z81-X81+AA81-W81 -> 302905.64 | AC81: =+U81-AB81 -> 0
A82: 9 | B82: PF | C82: RC | D82: 2 | E82: 2 | F82: 7 | G82: 326 | H82: 1 | I82: 1 | J82: 1 | K82: 7 | L82: 0 | M82: 1131 | N82: 1 | O82: 1 | P82: 0 | R82: 7750000 | S82: 7750000 | T82: 5636360 | U82: 704545 | V82: 5636360 | W82: 0 | X82: 2113640 | Y82: =+S82-V82-X82-W82 -> 0 | Z82: 2818185 | AB82: =+Z82-X82+AA82-W82 -> 704545 | AC82: =+U82-AB82 -> 0
A83: 9 | B83: PF | C83: RC | D83: 2 | E83: 2 | F83: 7 | G83: 326 | H83: 4 | I83: 1 | J83: 2 | K83: 7 | L83: 0 | M83: 1221 | N83: 1 | O83: 1 | P83: 4 | R83: 3246480 | S83: 3246480 | T83: 2434860 | U83: 208201.77 | V83: 1807424.8 | W83: 0 | X83: 627435.24 | Y83: =+S83-V83-X83-W83 -> 811620 | Z83: 835637.01 | AB83: =+Z83-X83+AA83-W83 -> 208201.77 | AC83: =+U83-AB83 -> 0 | AE83: =240000*5+V83 -> 3007424.8 | AF83: =+S83-AE83 -> 239055.24
A84: 9 | B84: PF | C84: RC | D84: 2 | E84: 2 | F84: 7 | G84: 326 | H84: 4 | I84: 1 | J84: 2 | K84: 7 | L84: 0 | M84: 1321 | N84: 1 | O84: 1 | P84: 0 | R84: 572060 | S84: 572060 | T84: 556260 | U84: 70.67 | V84: 415367.25 | W84: 0 | X84: 156692.75 | Y84: =+S84-V84-X84-W84 -> 0 | Z84: 156763.42 | AB84: =+Z84-X84+AA84-W84 -> 70.67 | AC84: =+U84-AB84 -> 1.629985e-11
A85: 9 | B85: PF | C85: RC | D85: 2 | E85: 2 | F85: 7 | G85: 326 | H85: 4 | I85: 1 | J85: 2 | K85: 7 | L85: 0 | M85: 1322 | N85: 1 | O85: 1 | P85: 0 | R85: 6000 | S85: 6000 | T85: 4500 | U85: 0 | V85: 0 | W85: 0 | X85: 0 | Y85: =+S85-V85-X85-W85 -> 6000 | Z85: 0 | AB85: =+Z85-X85+AA85-W85 -> 0 | AC85: =+U85-AB85 -> 0
A86: 9 | B86: PF | C86: RC | D86: 2 | E86: 2 | F86: 7 | G86: 326 | H86: 4 | I86: 1 | J86: 2 | K86: 7 | L86: 0 | M86: 1323 | N86: 1 | O86: 1 | P86: 0 | R86: 291601 | S86: 291601 | T86: 130000 | U86: 0 | V86: 0 | W86: 0 | X86: 291601 | Y86: =+S86-V86-X86-W86 -> 0 | Z86: 291601 | AB86: =+Z86-X86+AA86-W86 -> 0 | AC86: =+U86-AB86 -> 0
A87: 9 | B87: PF | C87: RC | D87: 2 | E87: 2 | F87: 7 | G87: 326 | H87: 4 | I87: 1 | J87: 2 | K87: 7 | L87: 0 | M87: 1323 | N87: 1 | O87: 1 | P87: 4 | R87: 811620 | S87: 811620 | T87: 107000 | U87: 694.94 | V87: 51585.78 | W87: 0 | X87: 55414.22 | Y87: =+S87-V87-X87-W87 -> 704620 | Z87: 56109.16 | AB87: =+Z87-X87+AA87-W87 -> 694.94 | AC87: =+U87-AB87 -> -2.2737368e-12
A88: 9 | B88: PF | C88: RC | D88: 2 | E88: 2 | F88: 7 | G88: 326 | H88: 1 | I88: 1 | J88: 1 | K88: 7 | L88: 0 | M88: 1323 | N88: 1 | O88: 1 | P88: 0 | R88: 2000000 | S88: 2000000 | T88: 0 | U88: 0 | V88: 0 | W88: 0 | X88: 2000000 | Y88: =+S88-V88-X88-W88 -> 0 | Z88: 2000000 | AB88: =+Z88-X88+AA88-W88 -> 0 | AC88: =+U88-AB88 -> 0
A89: 9 | B89: PF | C89: RC | D89: 2 | E89: 2 | F89: 7 | G89: 326 | H89: 4 | I89: 1 | J89: 2 | K89: 7 | L89: 0 | M89: 1331 | N89: 1 | O89: 1 | P89: 0 | R89: 5000 | S89: 5000 | T89: 5000 | U89: 0 | V89: 0 | W89: 0 | X89: 0 | Y89: =+S89-V89-X89-W89 -> 5000 | Z89: 0 | AB89: =+Z89-X89+AA89-W89 -> 0 | AC89: =+U89-AB89 -> 0
A90: 9 | B90: PF | C90: RC | D90: 2 | E90: 2 | F90: 7 | G90: 326 | H90: 4 | I90: 1 | J90: 2 | K90: 7 | L90: 0 | M90: 1412 | N90: 1 | O90: 1 | P90: 0 | R90: 1831554 | S90: 1831554 | T90: 1402219 | U90: 133872.2 | V90: 1155677.4 | W90: 0 | X90: 675876.6 | Y90: =+S90-V90-X90-W90 -> 0 | Z90: 809748.8 | AB90: =+Z90-X90+AA90-W90 -> 133872.2 | AC90: =+U90-AB90 -> 0
A91: 9 | B91: PF | C91: RC | D91: 2 | E91: 2 | F91: 7 | G91: 326 | H91: 4 | I91: 1 | J91: 2 | K91: 7 | L91: 0 | M91: 1412 | N91: 1 | O91: 1 | P91: 4 | R91: 549360 | S91: 549360 | T91: 412020 | U91: 38133.93 | V91: 288635.35 | W91: 0 | X91: 123384.65 | Y91: =+S91-V91-X91-W91 -> 137340 | Z91: 161518.58 | AB91: =+Z91-X91+AA91-W91 -> 38133.93 | AC91: =+U91-AB91 -> 0
A92: 9 | B92: PF | C92: RC | D92: 2 | E92: 2 | F92: 7 | G92: 326 | H92: 4 | I92: 1 | J92: 2 | K92: 7 | L92: 0 | M92: 1422 | N92: 1 | O92: 1 | P92: 0 | R92: 1141851 | S92: 1141851 | T92: 910286 | U92: 166503.65 | V92: 721036.98 | W92: 0 | X92: 420814.02 | Y92: =+S92-V92-X92-W92 -> 0 | Z92: 587317.67 | AB92: =+Z92-X92+AA92-W92 -> 166503.65 | AC92: =+U92-AB92 -> 0
A93: 9 | B93: PF | C93: RC | D93: 2 | E93: 2 | F93: 7 | G93: 326 | H93: 4 | I93: 1 | J93: 2 | K93: 7 | L93: 0 | M93: 1431 | N93: 1 | O93: 1 | P93: 0 | R93: 1433692 | S93: 1433692 | T93: 1130159 | U93: 206525.02 | V93: 895459.29 | W93: 0 | X93: 538232.71 | Y93: =+S93-V93-X93-W93 -> 0 | Z93: 744757.73 | AB93: =+Z93-X93+AA93-W93 -> 206525.02 | AC93: =+U93-AB93 -> 0
A94: 9 | B94: PF | C94: RC | D94: 2 | E94: 2 | F94: 7 | G94: 326 | H94: 4 | I94: 1 | J94: 2 | K94: 7 | L94: 0 | M94: 1441 | N94: 1 | O94: 1 | P94: 0 | R94: 615002 | S94: 615002 | T94: 463063 | U94: 38232.32 | V94: 242305.67 | W94: 0 | X94: 0 | Y94: =+S94-V94-X94-W94 -> 372696.33 | Z94: 0 | AB94: =+Z94-X94+AA94-W94 -> 0 | AC94: =+U94-AB94 -> 38232.32
A95: 9 | B95: PF | C95: RC | D95: 2 | E95: 2 | F95: 7 | G95: 326 | H95: 4 | I95: 1 | J95: 2 | K95: 7 | L95: 0 | M95: 1511 | N95: 1 | O95: 1 | P95: 0 | R95: 582244 | S95: 582244 | T95: 438473 | U95: 36144.35 | V95: 323149.76 | W95: 0 | X95: 259094.24 | Y95: =+S95-V95-X95-W95 -> -5.8207661e-11 | Z95: 295238.59 | AB95: =+Z95-X95+AA95-W95 -> 36144.35 | AC95: =+U95-AB95 -> 0
A96: 9 | B96: PF | C96: RC | D96: 2 | E96: 2 | F96: 7 | G96: 326 | H96: 4 | I96: 1 | J96: 2 | K96: 7 | L96: 0 | M96: 1541 | N96: 1 | O96: 1 | P96: 18 | R96: 667975 | S96: 667975 | T96: 0 | U96: 0 | V96: 0 | W96: 0 | X96: 0 | Y96: =+S96-V96-X96-W96 -> 667975 | Z96: 0 | AB96: =+Z96-X96+AA96-W96 -> 0 | AC96: =+U96-AB96 -> 0
A97: 9 | B97: PF | C97: RC | D97: 2 | E97: 2 | F97: 7 | G97: 326 | H97: 4 | I97: 1 | J97: 2 | K97: 7 | L97: 0 | M97: 1541 | N97: 1 | O97: 1 | P97: 4 | R97: 590000 | S97: 590000 | T97: 3000 | U97: 0 | V97: 2920.21 | W97: 0 | X97: 0 | Y97: =+S97-V97-X97-W97 -> 587079.79 | Z97: 0 | AB97: =+Z97-X97+AA97-W97 -> 0 | AC97: =+U97-AB97 -> 0
A98: 9 | B98: PF | C98: RC | D98: 2 | E98: 2 | F98: 7 | G98: 326 | H98: 4 | I98: 1 | J98: 2 | K98: 7 | L98: 0 | M98: 1542 | N98: 1 | O98: 1 | P98: 0 | R98: 5000 | S98: 5000 | T98: 5000 | U98: 0 | V98: 0 | W98: 0 | X98: 0 | Y98: =+S98-V98-X98-W98 -> 5000 | Z98: 0 | AB98: =+Z98-X98+AA98-W98 -> 0 | AC98: =+U98-AB98 -> 0
A99: 9 | B99: PF | C99: RC | D99: 2 | E99: 2 | F99: 7 | G99: 326 | H99: 4 | I99: 1 | J99: 2 | K99: 7 | L99: 0 | M99: 1548 | N99: 1 | O99: 1 | P99: 0 | R99: 125000 | S99: 125000 | T99: 125000 | U99: 0 | V99: 0 | W99: 0 | X99: 0 | Y99: =+S99-V99-X99-W99 -> 125000 | Z99: 0 | AB99: =+Z99-X99+AA99-W99 -> 0 | AC99: =+U99-AB99 -> 0
A100: 9 | B100: PF | C100: RC | D100: 2 | E100: 2 | F100: 7 | G100: 326 | H100: 4 | I100: 1 | J100: 2 | K100: 7 | L100: 0 | M100: 1549 | N100: 1 | O100: 1 | P100: 0 | R100: 91500 | S100: 91500 | T100: 91500 | U100: 0 | V100: 71379 | W100: 0 | X100: 0 | Y100: =+S100-V100-X100-W100 -> 20121 | Z100: 0 | AB100: =+Z100-X100+AA100-W100 -> 0 | AC100: =+U100-AB100 -> 0
A101: 9 | B101: PF | C101: RC | D101: 2 | E101: 2 | F101: 7 | G101: 326 | H101: 4 | I101: 1 | J101: 2 | K101: 7 | L101: 0 | M101: 1591 | N101: 1 | O101: 1 | P101: 0 | R101: 1856606 | S101: 1856606 | T101: 1441693 | U101: 77595 | V101: 999529 | W101: 0 | X101: 857077 | Y101: =+S101-V101-X101-W101 -> 0 | Z101: 934672 | AB101: =+Z101-X101+AA101-W101 -> 77595 | AC101: =+U101-AB101 -> 0
A102: 9 | B102: PF | C102: RC | D102: 2 | E102: 2 | F102: 7 | G102: 326 | H102: 1 | I102: 1 | J102: 1 | K102: 7 | L102: 0 | M102: 1591 | N102: 1 | O102: 1 | P102: 0 | R102: 2645022 | S102: 2645022 | T102: 1923656 | U102: 240457 | V102: 1923656 | W102: 0 | X102: 721366 | Y102: =+S102-V102-X102-W102 -> 0 | Z102: 961823 | AB102: =+Z102-X102+AA102-W102 -> 240457 | AC102: =+U102-AB102 -> 0
N103: CAPÍTULO 1000 | R103: =SUM(R81:R102) -> 32552819 | S103: =SUM(S81:S102) -> 32552819 | T103: =SUM(T81:T102) -> 21573171 | U103: =SUM(U81:U102) -> 2153881.5 | V103: =SUM(V81:V102) -> 17634355 | W103: =SUM(W81:W102) -> 0 | X103: =SUM(X81:X102) -> 11476012 | Y103: =SUM(Y81:Y102) -> 3442452.1 | Z103: =SUM(Z81:Z102) -> 13591661 | AB103: =SUM(AB81:AB102) -> 2115649.2 | AC103: =SUM(AC81:AC102) -> 38232.32
A104: 9 | B104: PF | C104: RC | D104: 2 | E104: 2 | F104: 7 | G104: 326 | H104: 4 | I104: 1 | J104: 2 | K104: 7 | L104: 0 | M104: 2111 | N104: 1 | O104: 1 | P104: 0 | R104: 215000 | S104: 215000 | T104: 200000 | U104: 133.62 | V104: 159936.13 | W104: 0 | X104: 34739.23 | Y104: =+S104-V104-X104-W104 -> 20324.64 | Z104: 34739.23 | AB104: =+Z104-X104+AA104-W104 -> 0 | AC104: =+U104-AB104 -> 133.62
A105: 9 | B105: PF | C105: RC | D105: 2 | E105: 2 | F105: 7 | G105: 326 | H105: 4 | I105: 1 | J105: 2 | K105: 7 | L105: 0 | M105: 2141 | N105: 1 | O105: 1 | P105: 0 | R105: 150000 | S105: 150000 | T105: 142500 | U105: 121826 | V105: 136026 | W105: 0 | X105: 459 | Y105: =+S105-V105-X105-W105 -> 13515 | Z105: 459 | AA105: 119634 | AB105: =+Z105-X105+AA105-W105 -> 119634 | AC105: =+U105-AB105 -> 2192
A106: 9 | B106: PF | C106: RC | D106: 2 | E106: 2 | F106: 7 | G106: 326 | H106: 4 | I106: 1 | J106: 2 | K106: 7 | L106: 0 | M106: 2151 | N106: 1 | O106: 1 | P106: 0 | R106: 13000 | S106: 13000 | T106: 13000 | U106: 0 | V106: 0 | W106: 0 | X106: 0 | Y106: =+S106-V106-X106-W106 -> 13000 | Z106: 0 | AB106: =+Z106-X106+AA106-W106 -> 0 | AC106: =+U106-AB106 -> 0
A107: 9 | B107: PF | C107: RC | D107: 2 | E107: 2 | F107: 7 | G107: 326 | H107: 4 | I107: 1 | J107: 2 | K107: 7 | L107: 0 | M107: 2161 | N107: 1 | O107: 1 | P107: 0 | R107: 3000 | S107: 3000 | T107: 2250 | U107: 0 | V107: 240.93 | W107: 0 | X107: 0 | Y107: =+S107-V107-X107-W107 -> 2759.07 | Z107: 0 | AB107: =+Z107-X107+AA107-W107 -> 0 | AC107: =+U107-AB107 -> 0
A108: 9 | B108: PF | C108: RC | D108: 2 | E108: 2 | F108: 7 | G108: 326 | H108: 4 | I108: 1 | J108: 2 | K108: 7 | L108: 0 | M108: 2211 | N108: 1 | O108: 1 | P108: 0 | R108: 25000 | S108: 25000 | T108: 18747 | U108: 1007 | V108: 14211 | W108: 0 | X108: 10051 | Y108: =+S108-V108-X108-W108 -> 738 | Z108: 11058 | AB108: =+Z108-X108+AA108-W108 -> 1007 | AC108: =+U108-AB108 -> 0
A109: 9 | B109: PF | C109: RC | D109: 2 | E109: 2 | F109: 7 | G109: 326 | H109: 4 | I109: 1 | J109: 2 | K109: 7 | L109: 0 | M109: 2231 | N109: 1 | O109: 1 | P109: 0 | R109: 2500 | S109: 2500 | T109: 1872 | U109: 0 | V109: 87.4 | W109: 0 | X109: 0 | Y109: =+S109-V109-X109-W109 -> 2412.6 | Z109: 0 | AB109: =+Z109-X109+AA109-W109 -> 0 | AC109: =+U109-AB109 -> 0
A110: 9 | B110: PF | C110: RC | D110: 2 | E110: 2 | F110: 7 | G110: 326 | H110: 4 | I110: 1 | J110: 2 | K110: 7 | L110: 0 | M110: 2419 | N110: 1 | O110: 1 | P110: 0 | R110: 5000 | S110: 5000 | T110: 5000 | U110: 0 | V110: 0 | W110: 0 | X110: 0 | Y110: =+S110-V110-X110-W110 -> 5000 | Z110: 0 | AB110: =+Z110-X110+AA110-W110 -> 0 | AC110: =+U110-AB110 -> 0
A111: 9 | B111: PF | C111: RC | D111: 2 | E111: 2 | F111: 7 | G111: 326 | H111: 4 | I111: 1 | J111: 2 | K111: 7 | L111: 0 | M111: 2441 | N111: 1 | O111: 1 | P111: 0 | R111: 5000 | S111: 5000 | T111: 5000 | U111: 0 | V111: 0 | W111: 0 | X111: 0 | Y111: =+S111-V111-X111-W111 -> 5000 | Z111: 0 | AB111: =+Z111-X111+AA111-W111 -> 0 | AC111: =+U111-AB111 -> 0
A112: 9 | B112: PF | C112: RC | D112: 2 | E112: 2 | F112: 7 | G112: 326 | H112: 4 | I112: 1 | J112: 2 | K112: 7 | L112: 0 | M112: 2461 | N112: 1 | O112: 1 | P112: 0 | R112: 10000 | S112: 10000 | T112: 10000 | U112: 0 | V112: 2979.61 | W112: 0 | X112: 0 | Y112: =+S112-V112-X112-W112 -> 7020.39 | Z112: 0 | AB112: =+Z112-X112+AA112-W112 -> 0 | AC112: =+U112-AB112 -> 0
A113: 9 | B113: PF | C113: RC | D113: 2 | E113: 2 | F113: 7 | G113: 326 | H113: 4 | I113: 1 | J113: 2 | K113: 7 | L113: 0 | M113: 2471 | N113: 1 | O113: 1 | P113: 0 | R113: 3600 | S113: 3600 | T113: 2700 | U113: 0 | V113: 0 | W113: 0 | X113: 0 | Y113: =+S113-V113-X113-W113 -> 3600 | Z113: 0 | AB113: =+Z113-X113+AA113-W113 -> 0 | AC113: =+U113-AB113 -> 0
A114: 9 | B114: PF | C114: RC | D114: 2 | E114: 2 | F114: 7 | G114: 326 | H114: 4 | I114: 1 | J114: 2 | K114: 7 | L114: 0 | M114: 2481 | N114: 1 | O114: 1 | P114: 0 | R114: 3000 | S114: 3000 | T114: 2250 | U114: 0 | V114: 181.75 | W114: 0 | X114: 0 | Y114: =+S114-V114-X114-W114 -> 2818.25 | Z114: 0 | AB114: =+Z114-X114+AA114-W114 -> 0 | AC114: =+U114-AB114 -> 0
A115: 9 | B115: PF | C115: RC | D115: 2 | E115: 2 | F115: 7 | G115: 326 | H115: 4 | I115: 1 | J115: 2 | K115: 7 | L115: 0 | M115: 2491 | N115: 1 | O115: 1 | P115: 0 | R115: 6000 | S115: 6000 | T115: 4500 | U115: 0 | V115: 1826.49 | W115: 0 | X115: 0 | Y115: =+S115-V115-X115-W115 -> 4173.51 | Z115: 0 | AB115: =+Z115-X115+AA115-W115 -> 0 | AC115: =+U115-AB115 -> 0
A116: 9 | B116: PF | C116: RC | D116: 2 | E116: 2 | F116: 7 | G116: 326 | H116: 4 | I116: 1 | J116: 2 | K116: 7 | L116: 0 | M116: 2531 | N116: 1 | O116: 1 | P116: 0 | R116: 5000 | S116: 5000 | T116: 3753 | U116: 0 | V116: 0 | W116: 0 | X116: 0 | Y116: =+S116-V116-X116-W116 -> 5000 | Z116: 0 | AB116: =+Z116-X116+AA116-W116 -> 0 | AC116: =+U116-AB116 -> 0
A117: 9 | B117: PF | C117: RC | D117: 2 | E117: 2 | F117: 7 | G117: 326 | H117: 4 | I117: 1 | J117: 2 | K117: 7 | L117: 0 | M117: 2541 | N117: 1 | O117: 1 | P117: 0 | R117: 5000 | S117: 5000 | T117: 3753 | U117: 0 | V117: 0 | W117: 0 | X117: 0 | Y117: =+S117-V117-X117-W117 -> 5000 | Z117: 0 | AB117: =+Z117-X117+AA117-W117 -> 0 | AC117: =+U117-AB117 -> 0
...
